 Dungeon Crawl Stone Soup version 0.29-a0-289-g2178c42546 (webtiles) character file.

Game seed: 6778328779946812127

13 sanka the Ducker (level 2, -3/29 HPs)
             Began as a Gnoll Monk on Mar 17, 2022.
             Was an Initiate of Ru.
             Slain by a worm (9 damage)
             ... on level 2 of the Dungeon.
             The game lasted 00:01:19 (1155 turns).

sanka the Ducker (Gnoll Monk)                       Turns: 1155, Time: 00:01:20

Health: -3/29      AC:  2    Str: 10    XL:     2   Next: 37%
Magic:  2/2        EV: 15    Int:  9    God:    Ru [......]
Gold:   62         SH:  0    Dex: 14    Spells: 1/1 levels left

rFire   . . .      SeeInvis .   a - +0 hand axe
rCold   . . .      Faith    .   (no shield)
rNeg    . . .      Spirit   .   b - +0 robe
rPois   .          Reflect  .   (no helmet)
rElec   .          Harm     .   (no cloak)
rCorr   .          Rampage  .   (no gloves)
Will    .....                   (no boots)
Stlth   +++.......              (no amulet)
HPRegen 0.09/turn               (no ring)
MPRegen 0.08/turn               (no ring)

@: no status effects
A: fangs 1, disrupted magic 1, strong nose, distributed training
a: Renounce Religion


You were on level 2 of the Dungeon.
You worshipped Ru.
Ru was noncommittal.
You visited 1 branch of the dungeon, and saw 2 of its levels.

You collected 62 gold pieces.


Innate Abilities, Weirdness & Mutations

You have very sharp teeth.
Your casting is slightly disrupted.
Your uncanny sense of smell can sniff out nearby items.
Your experience applies equally to all skills.


   Skills:
 + Level 6.5 Fighting
 + Level 0.4 Short Blades
 + Level 0.4 Long Blades
 + Level 6.5 Axes
 + Level 0.4 Maces & Flails
 + Level 0.4 Polearms
 + Level 0.4 Staves
 + Level 0.4 Slings
 + Level 0.4 Bows
 + Level 0.4 Crossbows
 + Level 0.4 Throwing
 + Level 0.4 Armour
 + Level 6.5 Dodging
 + Level 4.1 Stealth
 + Level 0.4 Shields
 + Level 0.4 Unarmed Combat
 + Level 0.4 Spellcasting
 + Level 0.2 Conjurations
 + Level 0.2 Hexes
 + Level 0.2 Summonings
 + Level 0.2 Necromancy
 + Level 0.2 Translocations
 + Level 0.2 Transmutations
 + Level 0.2 Fire Magic
 + Level 0.2 Ice Magic
 + Level 0.2 Air Magic
 + Level 0.2 Earth Magic
 + Level 0.2 Poison Magic
 + Level 0.5 Invocations
 + Level 0.4 Evocations


You had one spell level left.
You didn't know any spells.
Your spell library was empty.

Inventory:

Hand Weapons
 a - a +0 hand axe (weapon)
Armour
 b - a +0 robe (worn)
 f - a +0 pair of gloves
Scrolls
 d - a scroll of vulnerability {unknown}
 e - a scroll of acquirement {unknown}
 g - a scroll of fog {unknown}
 h - a scroll of noise {unknown}
Potions
 c - a potion of ambrosia

Dungeon Overview and Level Annotations

Branches:
Dungeon (2/15)

Altars:
Ru

Shops:
D:2

( ▒8.8.8▒
▒.⌠.⌠.▒
▒8.∩.8▒
▒.⌠.⌠.▒ ▒
▒8.8.8▒ ▒▒.▒▒▒
▒▒.▒.▒▒
......▒▒▒▒...▒
......w.▒▒▒▒.▒
▒.▒g▒▒▒▒.▒
▒........▒
.....▒.▒▒▒▒▒▒
▒.▒▒.▒.▒ .. .
▒.▒ .. ..▒ ..
▒▒▒ ...


You could see a worm.


Message History

The worm is heavily wounded.
The worm bites you.
You hit the worm but do no damage. You bite the worm, but do no damage.
The worm is moderately wounded.
You hit the worm.
The worm is heavily wounded.
The worm bites you.
* * * LOW HITPOINT WARNING * * *
You hit the worm.
The worm is heavily wounded.
You barely miss the worm.
The worm is heavily wounded.
The worm barely misses you.
You hit the worm.
The worm is heavily wounded.
The worm bites you.
* * * LOW HITPOINT WARNING * * *
You hit the worm but do no damage.
The worm is heavily wounded.
You hit the worm.
The worm is severely wounded.
The worm bites you.
* * * LOW HITPOINT WARNING * * *
You hit the worm.
The worm is severely wounded.
You hit the worm.
The worm is almost dead.
The worm bites you!
You die...

Action                   || total
-------------------------++-------
Melee: Hand axe          ||    52
       Bite              ||     8
Invok: Sacrifice Essence ||     1
 Stab: Sleeping          ||     5
Armor: Robe              ||     3
Dodge: Dodged            ||    22

Levels and vault maps discovered:
D:1:      arrival_aquarium_b, layout_loops_ring,
          shapermc_ecumenical_altar_starsandcircs,
          chequers_serial_rivers_micro_e, chequers_avenue, serial_bayou_pond_e,
          minmay_misc_feat_rows, nicolae_concentric_dashed_squares_mild,
          minmay_hedge_maze, nrook_mini_vaults
D:2:      layout_loops_cross, serial_shops, shop, nicolae_shop_hallway_plus,
          nicolae_lakefront_shop, nicolae_shop_temple_entry_statues_fountains

Notes
Turn   | Place    | Note
-------+----------+-------------------------------------------
     0 | D:1      | sanka the Gnoll Monk began the quest for the Orb.
     0 | D:1      | Reached XP level 1. HP: 23/23 MP: 1/1
     3 | D:1      | Noticed an electric eel
     4 | D:1      | Noticed an electric eel
   146 | D:1      | Found a faded altar of an unknown god.
   198 | D:1      | Prayed at the altar of an unknown god.
   198 | D:1      | Became a worshipper of Ru the Awakened
   203 | D:1      | Gained mutation: Your casting is slightly disrupted. [Ru
                  | sacrifice]
   309 | D:1      | Reached XP level 2. HP: 29/29 MP: 2/2
  1118 | D:2      | Found Foirhore's Antique Weapon Boutique.
  1155 | D:2      | Slain by a worm

Vanquished Creatures
  2 dart slugs (D:1)
  A goblin (D:1)
  2 ball pythons (D:1)
  2 frilled lizards (D:1)
  4 rats
11 creatures vanquished.
